 Dungeon Crawl Stone Soup version 0.21.1-1-g345015fe64 (webtiles) character file.

667201 Oravi the Hoplite (level 27, -12/207 HPs)
             Began as a Halfling Hunter on Apr 21, 2018.
             Was a High Priest of Okawaru.
             Killed from afar by a red draconian (15 damage)
             ... with a searing blast
             ... on level 4 of the Realm of Zot on Apr 23, 2018.
             The game lasted 09:47:09 (101221 turns).

Oravi the Hoplite (Halfling Hunter)               Turns: 101221, Time: 09:47:10

Health: -12/207    AC: 25    Str: 26    XL:     27
Magic:  26/30      EV: 44    Int: 16    God:    Okawaru [*****.]
Gold:   6632       SH: 29    Dex: 34    Spells: 26/26 levels left

rFire    . . .     SeeInvis +   h - +11 fustibalus of Exhibitionism {venom, rElec rPois rC- Stlth+}
rCold    + . .     Gourm    .   c - +5 shield of the Thoughtful Dances {+Inv rF+ Stlth+}
rNeg     + + .     Faith    .   x - +0 ring mail of Docaxtoe {-Cast MR+ Dex+3 Slay+6}
rPois    +         Spirit   .   B - +0 helmet "Heiruz" {rPois rN+}
rElec    +         Reflect  +   W - +2 cloak {rC+}
rCorr    .         Harm     .   C - +2 pair of gloves {Str+3}
MR       ++++.     NoCast   +   M - +3 pair of boots of Gluttony {MR+ Str+4 Int+3}
Stlth    ++++++....             l - +4 amulet of reflection
HPRegen  0.44/turn              k - ring of Jowoh {rF- Str+2 Int+4 Dex+2 SInv}
MPRegen  0.22/turn              s - ring "Quclapra" {rElec rC+ rN+ Stlth+}

@: agile
A: small, blurry vision 1, mutation resistance 1, screaming 1, no potion heal 1,
subdued magic 1
}: 4/15 runes: barnacled, slimy, silver, gossamer
a: Heroism, Finesse, Renounce Religion, Evoke Invisibility


You were on level 4 of the Realm of Zot.
You worshipped Okawaru.
Okawaru was extremely pleased with you.
You were not hungry.

You visited 12 branches of the dungeon, and saw 56 of its levels.
You visited 1 bazaar.
You also visited: Bailey and Ice Cave.

You collected 8733 gold pieces.
You spent 2101 gold pieces at shops.

Inventory:

Hand Weapons
 a - a +9 fustibalus of flaming
 b - a +3 rapier of freezing
 h - the +11 fustibalus of Exhibitionism (weapon) {venom, rElec rPois rC- Stlth+}
   (Okawaru gifted it to you on level 2 of the Depths)

   It poisons the ammo it fires.
   It makes you vulnerable to cold.
   It insulates you from electricity.
   It protects you from poison.
   It makes you more stealthy.
 Q - a +0 fustibalus of freezing
Missiles
 d - 656 sling bullets (quivered)
 e - 626 stones
Armour
 c - the +5 shield of the Thoughtful Dances (worn) {+Inv rF+ Stlth+}
   (You took it off a merfolk on level 4 of the Shoals)

   It protects you from fire.
   It lets you turn invisible.
   It makes you more stealthy.
 j - a +0 pair of boots of flying
 x - the +0 ring mail of Docaxtoe (worn) {-Cast MR+ Dex+3 Slay+6}
   (Okawaru gifted it to you on level 2 of the Elven Halls)

   It affects your dexterity (+3).
   It affects your accuracy and damage with ranged weapons and melee attacks
   (+6).
   It affects your resistance to hostile enchantments.
   It prevents spellcasting.
 B - the +0 helmet "Heiruz" (worn) {rPois rN+}
   (Okawaru gifted it to you on level 4 of the Spider Nest)

   It protects you from poison.
   It protects you from negative energy.
 C - a +2 pair of gloves of strength (worn)
 M - the +3 pair of boots of Gluttony (worn) {MR+ Str+4 Int+3}
   (Okawaru gifted it to you on level 2 of the Shoals)

   It affects your strength (+4).
   It affects your intelligence (+3).
   It affects your resistance to hostile enchantments.
 T - quicksilver dragon scales
 W - a +2 cloak of cold resistance (worn)
Jewellery
 g - an uncursed ring of resist corrosion
 k - the ring of Jowoh (left hand) {rF- Str+2 Int+4 Dex+2 SInv}
   (You took it off a deep elf blademaster on level 3 of the Elven Halls)

   [ring of see invisible]

   It affects your strength (+2).
   It affects your intelligence (+4).
   It affects your dexterity (+2).
   It makes you vulnerable to fire.
   It lets you see invisible.
 l - a +4 amulet of reflection (around neck)
 s - the ring "Quclapra" (right hand) {rElec rC+ rN+ Stlth+}
   (You found it on level 3 of the Depths)

   [ring of positive energy]

   It protects you from cold.
   It insulates you from electricity.
   It protects you from negative energy.
   It makes you more stealthy.
 v - the ring "Wumech" {+Fly Slay+3}
   (You took it off a deep elf sorcerer on level 3 of the Elven Halls)

   [ring of flight]

   It affects your accuracy and damage with ranged weapons and melee attacks
   (+3).
   It lets you fly.
 w - the ring of the Firefly {+Fly EV+4 Str+4}
   (You found it on level 5 of the Pits of Slime)

   [ring of evasion]

   It affects your evasion (+4).
   It affects your strength (+4).
   It lets you fly.
 z - a +4 ring of dexterity
 I - the ring "Moemnaamm" {rF+ Str+5 Slay-4}
   (You found it on level 3 of the Elven Halls)

   [ring of protection from fire]

   It affects your strength (+5).
   It affects your accuracy and damage with ranged weapons and melee attacks
   (-4).
   It protects you from fire.
 N - an uncursed amulet of rage
 P - the ring of the Evening {rC++ AC+1 Dex+5 Slay-4}
   (You took it off a vault guard on level 5 of the Vaults)

   [ring of protection]

   It affects your AC (+1).
   It affects your dexterity (+5).
   It affects your accuracy and damage with ranged weapons and melee attacks
   (-4).
   It greatly protects you from cold.
 R - an uncursed ring of protection from magic
Wands
 o - a wand of acid (10)
 r - a wand of iceblast (23)
 t - a wand of disintegration (17)
 O - a wand of paralysis (22)
 S - a wand of polymorph (43)
 V - a wand of flame (42)
 Z - a wand of digging (32)
Scrolls
 i - 3 scrolls of blinking
 m - 10 scrolls of teleportation
 p - 23 scrolls of remove curse
 y - 10 scrolls of fear
 E - 4 scrolls of magic mapping
 F - 2 scrolls of silence
 G - a scroll of enchant weapon
 K - 25 scrolls of identify
Potions
 n - 11 potions of haste
 u - 8 potions of ambrosia
 D - a potion of flight
 H - 11 potions of curing
 J - 3 potions of might
 U - 5 potions of berserk rage
 Y - 3 potions of resistance
Comestibles
 f - 66 rations


   Skills:
 - Level 22.0 Fighting
 * Level 19.9 Short Blades
 - Level 22.0 Slings
 - Level 22.0 Armour
 - Level 22.0 Dodging
 - Level 1.1 Stealth
 - Level 22.0 Shields
 - Level 10.1 Invocations
 - Level 7.1 Evocations


You had 26 spell levels left.
You didn't know any spells.

Dungeon Overview and Level Annotations

Branches:
Dungeon (15/15)            Temple (1/1) D:4            Lair (6/6) D:9
 Shoals (4/4) Lair:3       Spider (4/4) Lair:4        Slime (5/5) Lair:6
    Orc (2/2) D:9             Elf (3/3) Orc:2        Vaults (5/5) D:13
  Crypt (2/3) Vaults:3     Depths (5/5) D:15            Zot (4/5) Depths:5

Altars:
Ashenzari
Cheibriados
Dithmenos
Elyvilon
Fedhas
Gozag
Hepliaklqana
Kikubaaqudgha
Makhleb
Nemelex Xobeh
Okawaru
Qazlal
Ru
Sif Muna
Trog
Uskayaw
Vehumet
Wu Jian
Xom
Yredelemnul
Zin
The Shining One
Beogh
Jiyva

Shops:
D:6 [   D:7 *   D:8 *   D:12 !   D:14 %   Orc:2 [*([*}   Elf:1 [   Elf:2 =
Shoals:1 :   Vaults:3 [[:?   Depths:1 =}=   Depths:5 !

Portals:
Hell: Depths:1 Depths:2 Depths:3 Depths:4 Depths:5
Abyss: Depths:2 Depths:4
Pandemonium: Depths:2 Depths:3
Ziggurat: Depths:3


Innate Abilities, Weirdness & Mutations

You are small and have problems with some larger weapons.
You are somewhat resistant to further mutation.
Scrolls take you a little longer to read.
You occasionally shout uncontrollably at your foes.
Potions are less effective at restoring your health.
Your spells are a little easier to cast, but a little less powerful.


Message History

The black draconian monk tail-slaps you!
* * * LOW HITPOINT WARNING * * *
The white draconian misses you.
The red draconian completely misses you.
The black draconian monk completely misses you. x2
The black draconian monk tail-slaps you!
* * * LOW HITPOINT WARNING * * *
The white draconian completely misses you.
You block the black draconian monk's attack.
The black draconian monk completely misses you.
The black draconian monk closely misses you.
The white draconian closely misses you.
The Orb prevents control of your translocation!
You blink.
As you read the scroll of blinking, it crumbles to dust.
Your hands slow down.
The black draconian monk rages.
The red draconian breathes flames at you.
The searing blast hits you!
You die...

...# #...# #.
##...#
#...##...#
#...##.d.# #
#...##dd.## .#
#....dqq..#..#
#............#.
#(.(..q@.......
#()............
#.)(...........
#).............
#(...........#.
#..............
#..............
#.......[.....#
#..>..........#


You could see 2 draconians, 2 draconians, 2 draconians and a yellow draconian
shifter.

Vanquished Creatures
  the Royal Jelly (Slime:5)
  2 ancient liches (Vaults:5)
  An orb of fire (Zot:3)
  Mara (Vaults:3)
  Frederick (Crypt:1)
  Saint Roka (Depths:4)
  A Killer Klown (Zot:3)
  Nikola (Elf:2)
  8 golden dragons
  5 electric golems
  A large abomination (Depths:2)
  A lich (Depths:4)
  Rupert (Spider:1)
  17 tentacled monstrosities
  8 quicksilver dragons
  5 titans
  18 acid blobs
  An ancient champion (Crypt:1)
  3 deep elf blademasters (Elf:3)
  5 death cobs
  2 sphinxes
  10 shadow dragons
  7 tengu reavers
  3 draconian monks
  14 storm dragons
  Donald (Vaults:2)
  The ghost of Beodren the Bludgeoner, a journeyman MiFi of the Shining One (Elf:3)
  14 deep elf sorcerers
  12 azure jellies
  5 ghost moths
  6 fire giants
  Ilsuiw (Shoals:4)
  16 vault wardens
  2 iron dragons
  14 frost giants
  5 draconian knights
  3 draconian scorchers
  An orc warlord (Orc:2)
  2 draconian shifters
  7 emperor scorpions
  6 draconian stormcallers
  6 deep elf elementalists
  2 ghouls
  18 ironheart preservers
  Louise (Spider:3)
  3 draconian annihilators (Zot:2)
  8 entropy weavers
  A spriggan defender (Depths:2)
  39 very ugly things
  23 stone giants
  Nessos (Lair:5)
  3 war gargoyles (Vaults:5)
  A vampire knight (Crypt:1)
  6 black draconians
  8 purple draconians
  12 green draconians
  8 deep elf demonologists
  12 spark wasps
  5 deep elf annihilators
  5 white draconians
  4 red draconians
  10 yellow draconians
  12 ettins
  14 death oozes
  5 merfolk javelineers
  11 deep elf death magi
  13 merfolk impalers
  12 fire dragons
  8 great orbs of eyes
  8 jiangshi
  13 yaktaur captains
  7 deep elf high priests
  4 rakshasas
  8 hydras
  A hell beast (Depths:5)
  12 ice dragons
  2 alligator snapping turtles
  2 catoblepae (D:15)
  31 vault guards
  2 merfolk avatars
  2 spriggan air magi
  2 death knights
  3 satyrs
  11 merfolk aquamancers
  41 two-headed ogres
  13 deep troll earth magi
  4 tengu warriors
  12 centaur warriors
  17 ogre magi
  32 dancing weapons
  2 vampire magi (Crypt:1)
  14 deep troll shamans
  6 orc high priests
  3 spriggan berserkers
  A soul eater (Crypt:2)
  5 death yaks (Lair:4)
  17 hell knights
  18 deep elf knights
  26 skeletal warriors
  5 iron trolls
  2 storm dragon skeletons
  A fire crab (shapeshifter) (Depths:1)
  An unseen horror (Vaults:1)
  3 shadow wraiths
  7 glowing orange brains
  39 deep trolls
  A glowing orange brain (shapeshifter) (Vaults:5)
  13 sea snakes
  An anaconda zombie (Crypt:1)
  5 flayed ghosts
  13 deep elf archers
  A kraken simulacrum (Shoals:4)
  A swamp dragon (Lair:6)
  4 wizards
  A shadow dragon zombie (Crypt:1)
  15 harpies
  2 orange crystal statues
  15 ironbrand convokers
  62 deep elf magi
  A lindwurm (Lair:6)
  5 phantasmal warriors
  Pikel (D:7)
  2 golden dragon skeletons
  9 necromancers
  23 orb spiders
  56 ugly things
  A faun (shapeshifter) (Elf:3)
  4 wolf spider zombies
  10 shining eyes
  16 manticores
  3 cyclopes
  5 oklob plants
  36 wolf spiders
  23 fauns
  12 orc knights
  5 orc sorcerers (Orc:2)
  8 merfolk sirens
  23 moths of wrath
  3 black mambas
  9 eyes of devastation
  A fire giant skeleton (Depths:2)
  An ice statue (IceCv)
  A water nymph (shapeshifter) (Vaults:3)
  7 elephants (Lair:6)
  A rust devil (Depths:5)
  6 centaur zombies
  4 water nymphs
  17 vault sentinels
  3 gargoyles
  A storm dragon simulacrum (Crypt:1)
  4 rime drakes (Lair:6)
  9 torpor snails
  The ghost of Delanovic the Covert, a novice SpEn of Gozag (D:4)
  An eye of devastation (shapeshifter) (Depths:1)
  15 spiny frogs
  3 human zombies
  3 kobold demonologists
  2 yaktaur zombies (Vaults:1)
  6 komodo dragons
  A dire elephant skeleton (Crypt:1)
  A rime drake (shapeshifter) (Elf:2)
  An efreet (D:15)
  An ice devil (Depths:5)
  36 yaktaurs
  A redback zombie (D:14)
  7 freezing wraiths
  A guardian mummy (D:14)
  15 demonic crawlers
  55 merfolk
  A red devil (Depths:5)
  4 tengu conjurers
  42 jumping spiders
  A harpy zombie (Crypt:1)
  18 polar bears
  A wolf spider simulacrum (D:14)
  9 trolls
  A troll (shapeshifter) (Depths:2)
  4 tyrant leeches (Lair:6)
  7 wind drakes
  A blink frog (shapeshifter) (Depths:1)
  21 hornets
  129 slime creatures
  Prince Ribbit (D:8)
  Grinder (D:6)
  9 hippogriffs
  21 blink frogs
  2 human simulacra
  6 flying skulls (Depths:5)
  11 snapping turtles
  3 dream sheep (Shoals:1)
  82 redbacks
  4 shadows
  Sigmund (D:6)
  2 ettin skeletons (Vaults:3)
  2 spriggans (shapeshifter)
  38 tarantellas
  24 water elementals
  5 air elementals
  2 hogs (shapeshifter)
  10 wraiths
  4 spriggans
  48 yaks
  A yak (shapeshifter) (D:13)
  2 wyverns
  A fire bat (shapeshifter) (Vaults:5)
  A basilisk (shapeshifter) (Vaults:3)
  3 basilisks
  15 golden eyes
  A fire elemental (Elf:2)
  4 hogs (Spider:2)
  2 steam dragons
  A hungry ghost (D:12)
  A monstrous demonspawn zombie (Crypt:1)
  8 wargs
  5 acid dragons
  A merfolk zombie (Crypt:1)
  14 water moccasins
  A soldier ant (shapeshifter) (D:13)
  A soldier ant (D:15)
  6 porcupines
  A monstrous demonspawn skeleton (Crypt:1)
  5 floating eyes
  A sky beast (D:10)
  An ettin simulacrum (Crypt:1)
  13 ice beasts
  2 swamp drakes (Lair:6)
  52 orc warriors
  4 phantoms
  A black bear (shapeshifter) (Vaults:4)
  2 black bears (Lair:5)
  A tengu (shapeshifter) (Depths:2)
  A manticore zombie (Crypt:1)
  10 eyes of draining
  8 necrophages
  20 wolves
  44 ogres
  3 boggarts (D:15)
  23 centaurs
  A human skeleton (Vaults:3)
  8 crocodiles
  A fire crab zombie (Crypt:1)
  Blork the orc (D:6)
  19 big kobolds
  15 bullfrogs
  8 gnoll sergeants (Bailey)
  A cyclops zombie (Crypt:1)
  3 earth elementals
  3 wyvern zombies
  A wyvern skeleton (D:13)
  5 scorpions
  18 wights
  9 electric eels
  5 howler monkeys
  A lava snake (D:10)
  6 crimson imps
  2 quasits
  2 bullfrog skeletons
  A bullfrog zombie (D:5)
  5 jellies
  5 hounds
  24 orc wizards
  6 gnoll shamans (Bailey)
  5 centaur skeletons
  An iron imp (Depths:3)
  25 orc priests
  Terence (D:2)
  Natasha (thrice) (D:2)
  7 worker ants
  A killer bee zombie (D:9)
  A crocodile zombie (Crypt:1)
  4 hound zombies
  2 hound skeletons
  3 mummies (D:14)
  2 worker ant zombies
  17 gnolls
  A howler monkey skeleton (D:9)
  8 adders
  7 shadow imps
  12 white imps (Lair:3)
  2 oozes
  2 adder skeletons
  A lava snake skeleton (Crypt:1)
  4 worms
  3 dart slugs
  5 leopard geckos
  100 orcs
  3 giant cockroaches
  A goblin (shapeshifter) (Vaults:5)
  6 hobgoblins
  6 jackals
  4 quokkas
  5 bats
  A frilled lizard (D:1)
  6 goblins
  A jackal skeleton (D:4)
  13 kobolds
  6 rats
  3 crawling corpses (Elf:3)
  7 plants
2640 creatures vanquished.

Vanquished Creatures (collateral kills)
  3 vault guards (Vaults:5)
3 creatures vanquished.

Vanquished Creatures (others)
  A deep elf master archer (Elf:3)
  Kirke (Spider:2)
  A storm dragon (Zot:2)
  A vault warden (Vaults:3)
  6 stone giants
  A spark wasp (Depths:4)
  2 merfolk javelineers
  An ogre mage (Vaults:2)
  4 yaktaur captains
  A deep elf knight (Elf:2)
  An ironbrand convoker (Vaults:2)
  4 deep elf archers
  A deep elf mage (Elf:3)
  An ugly thing (Vaults:3)
  2 cyclopes
  3 fauns
  8 yaktaurs
  A merfolk (Shoals:4)
  2 humans (Spider:2)
  A sky beast (D:7)
  An ogre (Vaults:3)
  4 centaurs
  4 orcs
  3 fungi
  20 plants
  A withered plant (D:14)
76 creatures vanquished.

Grand Total: 2719 creatures vanquished

Notes
Turn   | Place    | Note
-------+----------+-------------------------------------------
     0 | D:1      | Oravi the Halfling Hunter began the quest for the Orb.
     0 | D:1      | Reached XP level 1. HP: 14/14 MP: 1/1
   152 | D:1      | Reached XP level 2. HP: 19/19 MP: 2/2
  1007 | D:2      | Reached XP level 3. HP: 24/24 MP: 3/3
  1092 | D:2      | Reached skill level 1 in Short Blades
  1162 | D:2      | Noticed Natasha
  1162 | D:2      | Noticed Terence
  1174 | D:2      | Killed Natasha
  1174 | D:2      | Reached XP level 4. HP: 29/29 MP: 4/4
  1188 | D:2      | Killed Terence
  1493 | D:2      | Reached XP level 5. HP: 34/34 MP: 5/5
  1536 | D:2      | Noticed Natasha
  1541 | D:2      | Killed Natasha
  1745 | D:2      | Noticed Natasha
  1749 | D:2      | Killed Natasha
  2252 | D:3      | Reached XP level 6. HP: 23/41 MP: 6/6
  2588 | D:3      | Reached skill level 1 in Armour
  2866 | D:4      | Noticed Delanovic's ghost (novice SpEn)
  3166 | D:4      | Found a staircase to the Ecumenical Temple.
  3173 | Temple   | Entered the Ecumenical Temple
  3270 | Temple   | Became a worshipper of Warmaster Okawaru
  3551 | D:5      | Entered Level 5 of the Dungeon
  3582 | D:5      | Reached XP level 7. HP: 22/45 MP: 7/7
  4136 | D:5      | Reached * piety under Okawaru
  4276 | D:5      | Reached skill level 10 in Slings
  4448 | D:5      | Reached XP level 8. HP: 52/52 MP: 8/8
  4708 | D:6      | Noticed Grinder
  4774 | D:6      | Reached skill level 5 in Short Blades
  4781 | D:6      | Killed Grinder
  5007 | D:6      | Reached ** piety under Okawaru
  5024 | D:6      | Noticed Blork the orc
  5057 | D:6      | HP: 1/54 [something/magic dart (7)]
  5058 | D:6      | Found Tootudiu's Armour Emporium.
  5345 | D:6      | Killed Blork the orc
  5345 | D:6      | Reached XP level 9. HP: 58/58 MP: 9/9
  5519 | D:6      | Got a bound crystal amulet
  5649 | D:6      | Noticed Sigmund
  5677 | D:6      | Bought a +2 pair of gloves of strength for 301 gold pieces
  5709 | D:6      | Identified the amulet "Myd Vapt" {RegenMP *Contam +Inv rPois} (You found it on level 6 of the Dungeon)
  5930 | D:6      | Killed Sigmund
  6068 | D:7      | Found Vaevuk's Assorted Antiques.
  6669 | D:7      | Noticed Pikel
  6696 | D:7      | Killed Pikel
  6696 | D:7      | Reached *** piety under Okawaru
  6696 | D:7      | Reached skill level 5 in Fighting
  7261 | D:8      | You fall through a shaft for 3 floors!
  7273 | D:11     | Received a gift from Okawaru
  7273 | D:11     | Reached XP level 10. HP: 68/68 MP: 0/10
  7541 | D:11     | Noticed a red ugly thing
  7607 | D:11     | Gained mutation: You have a pair of small horns on your head. [potion of mutation]
  7609 | D:11     | Noticed a kobold demonologist
  7727 | D:11     | Noticed an ice devil
  7750 | D:11     | Noticed an orange demon
  8160 | D:10     | Entered Level 10 of the Dungeon
  8754 | D:8      | Noticed Prince Ribbit
  8788 | D:8      | Killed Prince Ribbit
  8788 | D:8      | Reached **** piety under Okawaru
  8839 | D:8      | Found the +9 staff of Wucad Mu {channel}
  8880 | D:8      | Found Yzuxkeu's General Store.
  9055 | D:8      | Reached skill level 5 in Dodging
  9095 | D:8      | Noticed a two-headed ogre
  9113 | D:8      | Killed a two-headed ogre
  9117 | D:8      | Reached XP level 11. HP: 25/76 MP: 11/11
  9728 | D:8      | Found a blossoming altar of Fedhas.
 10016 | D:9      | Found a staircase to the Lair.
 10065 | D:9      | Received a gift from Okawaru
 10071 | D:9      | Reached skill level 1 in Invocations
 10104 | D:9      | Reached ***** piety under Okawaru
 10104 | D:9      | Reached skill level 10 in Short Blades
 10500 | D:9      | Received a gift from Okawaru
 11021 | D:9      | Found a staircase to the Orcish Mines.
 11068 | D:9      | Noticed a two-headed ogre
 11083 | D:9      | Killed a two-headed ogre
 11083 | D:9      | Reached skill level 5 in Armour
 11315 | D:9      | Received a gift from Okawaru
 11915 | D:10     | Received a gift from Okawaru
 12556 | D:10     | Reached XP level 12. HP: 64/86 MP: 14/14
 12868 | D:11     | Identified the Volume of Black Rites
 13342 | D:11     | Reached skill level 10 in Fighting
 13629 | D:12     | Received a gift from Okawaru
 13630 | D:12     | Got a crude hunting sling {god gift}
 13631 | D:12     | Identified the +6 hunting sling of the Sky {freeze, +Blink rC- MR- Int+7} (Okawaru gifted it to you on level 12 of the Dungeon)
 14125 | D:12     | Found Ecsihaat's Distillery.
 14136 | D:12     | Bought a potion of curing for 39 gold pieces
 14136 | D:12     | Bought a potion of agility for 52 gold pieces
 14136 | D:12     | Bought a potion of might for 52 gold pieces
 14136 | D:12     | Bought a potion of might for 52 gold pieces
 14172 | D:12     | Reached skill level 5 in Invocations
 14526 | D:12     | Found a white marble altar of Elyvilon.
 15077 | D:13     | Noticed a centaur warrior
 15078 | D:13     | Found a flagged portal.
 15088 | D:12     | Received a gift from Okawaru
 15126 | D:12     | Killed a centaur warrior
 15126 | D:12     | Received a gift from Okawaru
 15126 | D:12     | Reached XP level 13. HP: 53/94 MP: 14/17
 15351 | Bailey   | Entered a bailey
 16126 | D:13     | Found a snail-covered altar of Cheibriados.
 16268 | D:13     | Received a gift from Okawaru
 16372 | D:13     | Found a gate to the Vaults.
 16623 | D:13     | Received a gift from Okawaru
 17130 | D:13     | Identified a scroll of acquirement
 17257 | D:14     | Got a jet-studded leather armour
 17268 | D:14     | Identified the +1 leather armour of Purpose {+Blink Int+3} (You found it on level 14 of the Dungeon)
 17330 | D:14     | Received a gift from Okawaru
 17418 | D:14     | Reached skill level 1 in Shields
 17518 | D:14     | Noticed a six-headed hydra
 17523 | D:14     | Killed a six-headed hydra
 17543 | D:14     | Noticed a centaur warrior
 17544 | D:14     | Noticed a ghoul
 17561 | D:14     | Killed a centaur warrior
 17597 | D:13     | Killed a ghoul
 17826 | D:14     | Received a gift from Okawaru
 17827 | D:14     | Got an ichor-stained hunting sling {god gift}
 17828 | D:14     | Identified the +3 hunting sling of Defiance {velocity, rC++ Int-3 Dex+3} (Okawaru gifted it to you on level 14 of the Dungeon)
 17854 | D:14     | Found Sauwnumeh's Food Shop.
 18232 | D:14     | Reached XP level 14. HP: 94/104 MP: 19/19
 18354 | D:14     | Noticed a ghoul
 18369 | D:14     | Killed a ghoul
 19088 | Lair:1   | Entered Level 1 of the Lair of Beasts
 19128 | Lair:1   | Received a gift from Okawaru
 19129 | Lair:1   | Got a scorched hunting sling {god gift}
 19130 | Lair:1   | Identified the +7 hunting sling "Gyrokk" {velocity, Int+3} (Okawaru gifted it to you on level 1 of the Lair of Beasts)
 20351 | Lair:2   | Reached skill level 5 in Shields
 20480 | Lair:2   | You fall through a shaft for 2 floors!
 20621 | Lair:3   | Found a frozen archway.
 20674 | IceCv    | Entered an ice cave
 20754 | IceCv    | Received a gift from Okawaru
 20843 | IceCv    | Reached ****** piety under Okawaru
 20851 | IceCv    | Received a gift from Okawaru
 20981 | IceCv    | Noticed a frost giant
 21008 | IceCv    | Killed a frost giant
 21378 | IceCv    | Received a gift from Okawaru
 21379 | IceCv    | Got a polished hunting sling {god gift}
 21532 | IceCv    | Identified the +8 hunting sling "Neeniss" {speed, rN+} (Okawaru gifted it to you in an ice cave)
 21629 | Lair:3   | Found a staircase to the Shoals.
 22160 | Lair:2   | Got a warped short sword
 22161 | Lair:2   | Identified the +3 short sword "Fyisetusm" {drain, rPois Stlth+} (You found it on level 2 of the Lair of Beasts)
 22382 | Lair:3   | Reached XP level 15. HP: 112/112 MP: 21/21
 22632 | Lair:3   | Lost mutation: You have a pair of small horns on your head. [potion of mutation]
 22632 | Lair:3   | Gained mutation: Your mind is acute. (Int +2) [potion of mutation]
 22633 | Lair:3   | Lost mutation: Your mind is acute. (Int +2) [potion of mutation]
 22633 | Lair:3   | Gained mutation: You are partially covered in rugged brown scales. (AC +1, +3% HP) [potion of mutation]
 22633 | Lair:3   | Lost mutation: You are partially covered in rugged brown scales. (AC +1, +3% HP) [potion of mutation]
 22634 | Lair:3   | Gained mutation: Your spells are a little harder to cast, but a little more powerful. [potion of mutation]
 22634 | Lair:3   | Gained mutation: You are covered in fur. (AC +1) [potion of mutation]
 22872 | Lair:4   | Found a hole to the Spider Nest.
 23202 | Lair:4   | Received a gift from Okawaru
 23550 | Lair:5   | Reached skill level 10 in Dodging
 23769 | Lair:5   | Noticed Nessos
 23781 | Lair:5   | Killed Nessos
 24312 | Lair:4   | Received a gift from Okawaru
 25302 | Lair:6   | Entered Level 6 of the Lair of Beasts
 25542 | Lair:6   | Received a gift from Okawaru
 25542 | Lair:6   | Reached skill level 10 in Shields
 26097 | Lair:6   | Reached skill level 15 in Fighting
 26417 | Lair:6   | Reached XP level 16. HP: 100/122 MP: 22/22
 27087 | Lair:6   | Found a staircase to the Slime Pits.
 27088 | Lair:6   | Found a viscous altar of Jiyva.
 27392 | Lair:6   | Found a runed door.
 28272 | D:15     | Entered Level 15 of the Dungeon
 28959 | D:15     | Received a gift from Okawaru
 30912 | D:15     | Received a gift from Okawaru
 31017 | D:15     | Found a staircase to the Depths.
 31747 | D:4      | Killed Delanovic's ghost
 32183 | Shoals:1 | Entered Level 1 of the Shoals
 32521 | Shoals:1 | Found Nupseuk's Book Emporium.
 32694 | Shoals:1 | Received a gift from Okawaru
 32768 | Shoals:1 | Reached XP level 17. HP: 129/129 MP: 23/23
 34105 | D:9      | Lost mutation: Your spells are a little harder to cast, but a little more powerful. [potion of mutation]
 34105 | D:9      | Lost mutation: You are covered in fur. (AC +1) [potion of mutation]
 34109 | D:9      | Gained mutation: You have a beak for a mouth. [potion of mutation]
 34376 | Shoals:2 | Received a gift from Okawaru
 34384 | Shoals:2 | Got a pair of pitted boots {god gift}
 34390 | Shoals:2 | Identified the +3 pair of boots of Gluttony {MR+ Str+4 Int+3} (Okawaru gifted it to you on level 2 of the Shoals)
 35337 | Shoals:2 | Reached skill level 15 in Slings
 38205 | Shoals:4 | Entered Level 4 of the Shoals
 38963 | Shoals:4 | HP: 3/130 [faun/stone[a satyr] (10)]
 39289 | Shoals:3 | Received a gift from Okawaru
 39534 | Shoals:4 | Reached XP level 18. HP: 137/137 MP: 24/24
 39972 | Shoals:4 | Received a gift from Okawaru
 40630 | Shoals:4 | Noticed Ilsuiw
 40656 | Shoals:4 | Killed Ilsuiw
 40917 | Shoals:4 | Reached skill level 15 in Shields
 41009 | Shoals:4 | Received a gift from Okawaru
 41612 | Shoals:4 | Received a gift from Okawaru
 42161 | Shoals:4 | Paralysed by a Zot trap for 3 turns
 42260 | Shoals:4 | Got a barnacled rune of Zot
 42353 | Shoals:4 | Got a heavily runed shield
 42364 | Shoals:4 | Identified the +5 shield of the Thoughtful Dances {+Inv rF+ Stlth+} (You took it off a merfolk on level 4 of the Shoals)
 42978 | Orc:1    | Entered Level 1 of the Orcish Mines
 43280 | Orc:2    | Entered Level 2 of the Orcish Mines
 43360 | Orc:2    | Found Reuxuxoh's General Store.
 43392 | Orc:2    | Found Haheteo's General Store.
 43532 | Orc:2    | Found a roughly hewn altar of Beogh.
 43566 | Orc:2    | Found Goruhih's Gadget Shoppe.
 43646 | Orc:2    | Found a staircase to the Elven Halls.
 43892 | Orc:2    | Found a roughly hewn altar of Beogh.
 44396 | Orc:2    | Found a roughly hewn altar of Beogh.
 44396 | Orc:2    | Found Nienoom's Antique Weapon Emporium.
 44401 | Orc:2    | Found Daneacvaenku's Antique Armour Shoppe.
 44494 | Orc:2    | Received a gift from Okawaru
 44570 | Orc:2    | Found a roughly hewn altar of Beogh.
 44584 | Orc:2    | Found a roughly hewn altar of Beogh.
 44591 | Orc:2    | Found Plog's Antique Armour Shoppe.
 44675 | Orc:2    | Found a roughly hewn altar of Beogh.
 45321 | Orc:2    | Bought a slimy leather armour for 238 gold pieces
 45331 | Orc:2    | Identified the +1 leather armour of Protective Custody {+Blink Dex+3} (You bought it in a shop on level 2 of the Orcish Mines)
 45365 | Orc:2    | Bought an ichor-stained leather armour for 203 gold pieces
 45375 | Orc:2    | Identified the +0 leather armour "Egampiwe" {Str+4} (You bought it in a shop on level 2 of the Orcish Mines)
 45604 | Spider:1 | Entered Level 1 of the Spider Nest
 45931 | Spider:1 | Reached XP level 19. HP: 144/144 MP: 25/25
 45952 | Spider:1 | Received a gift from Okawaru
 46199 | Spider:1 | Noticed Rupert
 46213 | Spider:1 | Killed Rupert
 47634 | Spider:1 | Reached skill level 1 in Evocations
 48165 | Spider:2 | Received a gift from Okawaru
 48286 | Spider:2 | Noticed Kirke
 48316 | Spider:2 | Killed Kirke
 49597 | Spider:2 | Received a gift from Okawaru
 50062 | Spider:3 | Noticed Louise
 50103 | Spider:3 | Killed Louise
 50883 | Spider:4 | Entered Level 4 of the Spider Nest
 51085 | Spider:4 | Lost mutation: You have a beak for a mouth. [potion of mutation]
 51085 | Spider:4 | Gained mutation: Your mind is acute. (Int +2) [potion of mutation]
 51155 | Spider:4 | Reached XP level 20. HP: 151/151 MP: 26/26
 51170 | Spider:4 | Received a gift from Okawaru
 51415 | Spider:4 | Received a gift from Okawaru
 51436 | Spider:4 | Got a translucent helmet {god gift}
 51447 | Spider:4 | Identified the +0 helmet "Heiruz" {rPois rN+} (Okawaru gifted it to you on level 4 of the Spider Nest)
 53235 | Spider:4 | Reached skill level 5 in Evocations
 53561 | Spider:4 | Got a gossamer rune of Zot
 54229 | Vaults:1 | Entered Level 1 of the Vaults
 54445 | Vaults:1 | Received a gift from Okawaru
 54505 | Vaults:1 | Received a gift from Okawaru
 54992 | Vaults:1 | Received a gift from Okawaru
 55577 | Vaults:1 | Reached XP level 21. HP: 143/158 MP: 27/27
 56341 | Vaults:2 | Noticed Donald
 56378 | Vaults:2 | Killed Donald
 58206 | Vaults:3 | Found Weus's Antique Armour Emporium.
 58211 | Vaults:3 | Bought a pair of spiked gloves for 380 gold pieces
 58221 | Vaults:3 | Identified the +2 pair of gloves of a treasure trove {-Tele Int+4 Dex+4} (You bought it in a shop on level 3 of the Vaults)
 58295 | Vaults:2 | Received a gift from Okawaru
 58777 | Vaults:2 | Received a gift from Okawaru
 60224 | Vaults:3 | Found Kist's Antique Armour Shop.
 60249 | Vaults:3 | Reached XP level 22. HP: 165/165 MP: 28/28
 60707 | Vaults:3 | Noticed Mara
 60710 | Vaults:3 | Noticed Oravi's illusion
 61515 | Vaults:3 | Found Zat Pymp's Book Boutique.
 61613 | Vaults:3 | Found Xaasos's Magic Scroll Emporium.
 61621 | Vaults:3 | Bought a scroll of enchant weapon for 172 gold pieces
 61732 | Vaults:3 | Found a staircase to the Crypt.
 61960 | Vaults:3 | Received a gift from Okawaru
 62352 | Vaults:3 | Received a gift from Okawaru
 62359 | Vaults:3 | Noticed Oravi's illusion
 62451 | Vaults:3 | Killed Mara
 63121 | Vaults:3 | Bought a smelly leather armour for 280 gold pieces
 63131 | Vaults:3 | Identified the +1 leather armour "Put-Me-On" {rCorr} (You bought it in a shop on level 3 of the Vaults)
 63445 | Elf:1    | Entered Level 1 of the Elven Halls
 63873 | Elf:1    | Reached skill level 10 in Invocations
 64055 | Elf:1    | Found Xyajat's Armour Shop.
 64060 | Elf:1    | Reached XP level 23. HP: 172/172 MP: 30/30
 64626 | Elf:2    | Found Vymeut's Jewellery Shop.
 64874 | Elf:2    | Received a gift from Okawaru
 65058 | Elf:2    | Found a huge runed gate.
 65058 | Elf:2    | Found a huge runed gate.
 65058 | Elf:2    | Found a huge runed gate.
 65058 | Elf:2    | Found a huge runed gate.
 65058 | Elf:2    | Found a huge runed gate.
 65245 | Elf:2    | Noticed Nikola
 65277 | Elf:2    | Received a gift from Okawaru
 65312 | Elf:2    | Killed Nikola
 65312 | Elf:2    | Received a gift from Okawaru
 65434 | Elf:2    | Got a twisted ring mail {god gift}
 65445 | Elf:2    | Identified the +0 ring mail of Docaxtoe {-Cast MR+ Dex+3 Slay+6} (Okawaru gifted it to you on level 2 of the Elven Halls)
 65778 | Elf:3    | Entered Level 3 of the Elven Halls
 66196 | Elf:3    | Got a faintly humming helmet
 66207 | Elf:3    | Identified the +0 helmet of Insurance {rC+ Int+3} (You found it on level 3 of the Elven Halls)
 66906 | Elf:3    | Noticed Beodren's ghost (journeyman MiFi)
 66933 | Elf:3    | Killed Beodren's ghost
 67135 | Elf:3    | Reached skill level 15 in Dodging
 67387 | Elf:3    | Reached XP level 24. HP: 147/180 MP: 30/30
 67479 | Elf:3    | Got a scorched golden ring
 67509 | Elf:3    | Got a wavering pewter ring
 67734 | Elf:3    | Got a brightly glowing steel ring
 67752 | Elf:3    | Identified the ring of Jowoh {rF- Str+2 Int+4 Dex+2 SInv} (You took it off a deep elf blademaster on level 3 of the Elven Halls)
 67754 | Elf:3    | Identified the ring "Wumech" {+Fly Slay+3} (You took it off a deep elf sorcerer on level 3 of the Elven Halls)
 67757 | Elf:3    | Identified the ring "Moemnaamm" {rF+ Str+5 Slay-4} (You found it on level 3 of the Elven Halls)
 67808 | Elf:3    | Received a gift from Okawaru
 68736 | Elf:3    | Identified Sif Muna's Volume of the Glacier and Air
 68808 | Elf:3    | Got a crude dagger {pierce}
 68809 | Elf:3    | Identified the +7 dagger of the Skies Above {pierce, Dex+5} (You took it off a deep elf sorcerer on level 3 of the Elven Halls)
 69422 | Vaults:4 | Found a flickering gateway to a bazaar.
 69434 | Bazaar   | Entered a bazaar
 69434 | Bazaar   | Found Zen Ren's Antique Armour Shop.
 69441 | Bazaar   | Found Nuotuthe's Food Emporium.
 69451 | Bazaar   | Found Yput's Gadget Boutique.
 69485 | Bazaar   | Found Woont's Gadget Shop.
 69486 | Bazaar   | Found Kuulips's Antique Armour Shoppe.
 69499 | Bazaar   | Bought a bloodstained cloak for 266 gold pieces
 69509 | Bazaar   | Identified the +0 cloak of Supple Strength {Int+6 Dex+4 Stlth-} (You bought it in a shop in a bazaar)
 72272 | Depths:1 | Entered Level 1 of the Depths
 72749 | Depths:1 | Received a gift from Okawaru
 72906 | Depths:1 | Found Xutim's Jewellery Emporium.
 72906 | Depths:1 | Found Buikk's Gadget Boutique.
 72909 | Depths:1 | Reached XP level 25. HP: 189/189 MP: 30/30
 72919 | Depths:1 | Found Axuas's Jewellery Emporium.
 73095 | Depths:1 | Found a gateway to Hell.
 73208 | Depths:1 | Received a gift from Okawaru
 73569 | Depths:1 | Received a gift from Okawaru
 73776 | Depths:2 | Received a gift from Okawaru
 73786 | Depths:2 | Got a twisted fustibalus {god gift}
 73787 | Depths:2 | Identified the +11 fustibalus of Exhibitionism {venom, rElec rPois rC- Stlth+} (Okawaru gifted it to you on level 2 of the Depths)
 73828 | Depths:2 | Found a transporter.
 73882 | Depths:2 | Found an iron altar of Okawaru.
 74112 | Depths:2 | Found a one-way gate to the infinite horrors of the Abyss.
 74138 | Depths:2 | Found a one-way gate leading to the halls of Pandemonium.
 74704 | Depths:2 | Found a transporter.
 75707 | Depths:3 | Found a gateway to a ziggurat.
 75763 | Depths:3 | Paralysed by a floating eye for 3 turns
 75996 | Depths:3 | Received a gift from Okawaru
 76067 | Depths:3 | Got a transparent wooden ring
 76069 | Depths:3 | Identified the ring "Quclapra" {rElec rC+ rN+ Stlth+} (You found it on level 3 of the Depths)
 76088 | Depths:3 | Paralysed by a floating eye for 2 turns
 76711 | Depths:3 | Reached XP level 26. HP: 199/199 MP: 30/30
 78454 | Depths:4 | Noticed Saint Roka
 78474 | Depths:4 | Killed Saint Roka
 78474 | Depths:4 | Received a gift from Okawaru
 79155 | Depths:5 | Entered Level 5 of the Depths
 79374 | Depths:5 | Received a gift from Okawaru
 79814 | Depths:5 | Gained mutation: Potions are less effective at restoring your health. [mutagenic glow]
 79906 | Depths:5 | Found a gate to the Realm of Zot.
 80348 | Depths:5 | Found Naunke Nyru's Distillery.
 80356 | Depths:5 | Bought a potion of curing for 66 gold pieces
 81017 | Depths:2 | Reached XP level 27. HP: 121/207 MP: 30/30
 81264 | Depths:2 | Reached skill level 10 in Armour
 81321 | Depths:2 | Received a gift from Okawaru
 81887 | Depths:2 | Got a clouded golden ring
 81888 | Depths:2 | Identified the ring "Murchoavu" {rElec rC+ MP+9 Stlth+} (You found it on level 2 of the Depths)
 81898 | Depths:2 | Got a faintly glowing platinum amulet
 81901 | Depths:2 | Identified the amulet of Saaroz {RegenMP +Inv Int+7 Slay-4} (You found it on level 2 of the Depths)
 82489 | Vaults:5 | Entered Level 5 of the Vaults
 82941 | Vaults:5 | Received a gift from Okawaru
 83195 | Vaults:5 | Received a gift from Okawaru
 83423 | Vaults:5 | Noticed an ancient lich
 83440 | Vaults:5 | Killed an ancient lich
 83469 | Vaults:5 | Noticed an ancient lich
 83901 | Vaults:5 | Identified the Volume of Transformation
 83916 | Vaults:5 | Got a silver rune of Zot
 84141 | Vaults:5 | Killed an ancient lich
 84141 | Vaults:5 | Received a gift from Okawaru
 84197 | Vaults:5 | Received a gift from Okawaru
 84444 | Vaults:5 | Received a gift from Okawaru
 84445 | Vaults:5 | Got a fine fustibalus {god gift}
 84446 | Vaults:5 | Identified the +7 fustibalus "Azokil" {flame, *Drain +Blink Str+4} (Okawaru gifted it to you on level 5 of the Vaults)
 84524 | Vaults:5 | Got a scintillating marble ring
 85076 | Vaults:5 | Got a serpentine bone ring
 85834 | Vaults:5 | Got a pitted buckler
 85835 | Vaults:5 | Identified the cursed +0 buckler "Paaleag" {rPois Str+4} (You took it off an orc warrior on level 5 of the Vaults)
 85838 | Vaults:5 | Got an ancient falchion {god gift}
 85839 | Vaults:5 | Identified the +2 falchion of Zefoip {venom, rElec rC+ Dex+2} (Okawaru gifted it to you on level 5 of the Vaults)
 86188 | D:9      | Identified the ring of the Evening {rC++ AC+1 Dex+5 Slay-4} (You took it off a vault guard on level 5 of the Vaults)
 86190 | D:9      | Identified the ring "Rotag" {+Inv Int+3 Slay+3} (You took it off a vault guard on level 5 of the Vaults)
 86349 | Slime:1  | Entered Level 1 of the Pits of Slime
 86515 | Slime:1  | Received a gift from Okawaru
 86517 | Slime:1  | Gained mutation: Scrolls take you a little longer to read. [a shining eye]
 87432 | Slime:2  | Reached skill level 15 in Armour
 87517 | Slime:2  | Lost mutation: Your mind is acute. (Int +2) [a shining eye]
 89784 | Slime:5  | Entered Level 5 of the Pits of Slime
 90011 | Slime:5  | Noticed the Royal Jelly
 90482 | Slime:5  | Found a viscous altar of Jiyva.
 90740 | Slime:5  | Killed the Royal Jelly
 90740 | Slime:5  | Received a gift from Okawaru
 91041 | Slime:5  | Got a transparent iron ring
 91095 | Slime:5  | Got a slimy rune of Zot
 91402 | Slime:5  | Got a pair of bloodstained boots {god gift}
 91413 | Slime:5  | Identified the +1 pair of boots of the Trilobite {rPois MR- Int+2 Dex+3} (Okawaru gifted it to you on level 5 of the Pits of Slime)
 91448 | Slime:5  | Identified the ring of the Firefly {+Fly EV+4 Str+4} (You found it on level 5 of the Pits of Slime)
 91960 | Elf:2    | Got a bloodstained scimitar
 91961 | Elf:2    | Identified the +7 scimitar of Traps {slice, rPois rF+++ MR- Int-5} (You found it on level 2 of the Elven Halls)
 93981 | Crypt:1  | Entered Level 1 of the Crypt
 94067 | Crypt:1  | Reached skill level 15 in Short Blades
 94400 | Crypt:1  | Noticed Frederick
 94419 | Crypt:1  | Killed Frederick
 96019 | Zot:1    | Entered Level 1 of the Realm of Zot
 96662 | Zot:1    | Received a gift from Okawaru
 96851 | Zot:1    | Received a gift from Okawaru
 98655 | Zot:2    | Received a gift from Okawaru
 98917 | Zot:2    | Received a gift from Okawaru
 99946 | Zot:3    | Received a gift from Okawaru
100441 | Zot:3    | Received a gift from Okawaru
100695 | Zot:3    | Noticed an orb of fire
100705 | Zot:3    | Gained mutation: You occasionally shout uncontrollably at your foes. [an orb of fire]
100707 | Zot:3    | Gained mutation: Your spells are a little easier to cast, but a little less powerful. [an orb of fire]
100709 | Zot:3    | Killed an orb of fire
100716 | Zot:3    | Received a gift from Okawaru
101220 | Zot:4    | HP: 3/207 [black draconian monk (12)]
101221 | Zot:4    | Killed from afar by a red draconian

Skill      XL: |  1  2  3  4  5  6  7  8  9 10 11 12 13 14 15 16 17 18 19 20 21 22 23 24 25 26 27 |
---------------+----------------------------------------------------------------------------------+-----
Slings         | 6 7 8 9 10 11 13 14 15 17 18 19 20 21 22 | 22.0
Short Blades   | 1 2 3 4 5 7 9 11 12 13 14 19 | 19.9
Fighting       | 2 3 4 5 7 9 10 12 13 15 16 17 18 19 20 21 22 | 22.0
Armour         | 1 2 3 4 5 6 8 9 22 | 22.0
Dodging        | 3 5 6 8 9 10 11 12 13 14 15 17 19 22 | 22.0
Invocations    | 3 6 7 8 10 | 10.1
Shields        | 2 7 10 12 14 15 17 18 19 20 21 22 | 22.0
Evocations     | 3 6 7 |  7.1
Stealth        | |  1.1

Action                   |  1- 3 |  4- 6 |  7- 9 | 10-12 | 13-15 | 16-18 | 19-21 | 22-24 | 25-27 || total
-------------------------+-------+-------+-------+-------+-------+-------+-------+-------+-------++-------
Melee: Short sword       |       |    77 |    67 |   378 |   560 |   853 |    68 |   136 |    38 ||  2177
       Headbutt          |       |       |       |   116 |    84 |       |       |       |       ||   200
       Punch             |       |       |       |     1 |     1 |       |       |       |       ||     2
       Peck              |       |       |       |       |       |   213 |   153 |       |       ||   366
       Rapier            |       |       |       |       |       |   160 |  1066 |   434 |    72 ||  1732
 Fire: Hunting sling     |    64 |   115 |   358 |   599 |    42 |    94 |       |       |       ||  1272
       Fustibalus        |       |       |       |   252 |  1117 |  1565 |  1327 |  1440 |  3786 ||  9487
Invok: Heroism           |       |       |       |    15 |     8 |    13 |    29 |    16 |    43 ||   124
       Finesse           |       |       |       |       |       |       |     7 |     4 |    10 ||    21
 Abil: Evoke Invisibilit |       |       |       |       |       |       |     1 |     4 |    10 ||    15
       Evoke Blink       |       |       |       |       |       |       |       |     1 |       ||     1
       Evoke Flight      |       |       |       |       |       |       |       |     1 |       ||     1
Evoke: Wand              |       |       |       |     2 |       |     3 |     1 |       |     4 ||    10
  Use: Scroll            |     5 |     5 |     4 |    12 |    13 |    13 |     3 |     6 |    19 ||    80
       Potion            |       |     1 |     1 |     5 |     5 |     5 |     9 |     2 |    23 ||    51
 Stab: Sleeping          |       |       |       |     1 |       |       |       |       |       ||     1
       Invisible         |       |       |       |       |       |       |     2 |       |       ||     2
  Eat: Chunk             |     1 |     7 |     7 |    13 |    31 |    43 |    27 |    24 |    42 ||   195
       Ration            |       |       |     1 |     3 |     1 |     5 |     5 |     5 |    12 ||    32
Armor: Leather armour    |     3 |    18 |    17 |    36 |    16 |    13 |   120 |    20 |       ||   243
       Robe              |       |       |       |       |    32 |    68 |       |       |       ||   100
       Ring mail         |       |       |       |       |       |       |       |    12 |   154 ||   166
Dodge: Dodged            |    17 |    77 |    73 |   328 |   451 |   787 |   901 |   318 |  1173 ||  4125
Block: Other             |       |       |     2 |    53 |    15 |       |       |       |       ||    70
       Reflection        |       |       |     1 |     6 |     9 |    96 |    53 |   115 |   102 ||   382
       Buckler           |       |       |       |       |   265 |   662 |       |       |       ||   927
       Shield            |       |       |       |       |       |   257 |  1622 |   862 |  1921 ||  4662
